 Dungeon Crawl Stone Soup version 0.17-a0-1763-g847a857 (webtiles) character file.

4305 shakdrar the Martial Artist (level 10, -27/53 HPs)
             Began as a Vine Stalker Monk on Sept 4, 2015.
             Was a Priest of Trog.
             Killed from afar by Erolcha (43 damage)
             ... with a crystal spear
             ... on level 10 of the Dungeon.
             The game lasted 00:36:03 (8421 turns).

shakdrar the Martial Artist (Vine Stalker Monk)     Turns: 8421, Time: 00:36:04

Health: -27/53     AC:  4    Str: 17    XL:     10   Next: 32%
Magic:  0/11       EV: 18    Int: 10    God:    Trog [***...]
Gold:   439        SH:  0    Dex: 17    Spells: 0 memorised, 9 levels left

rFire  . . .     SeeInvis +       - Unarmed
rCold  . . .     Clarity  .     a - +1 robe
rNeg   . . .     SustAt   .     (no shield)
rPois  +         Gourm    .     (no helmet)
rElec  .         Spirit   +     w - +0 cloak
rCorr  .         Warding  .     (no gloves)
rMut   .         Stasis   .     (no boots)
MR     +....                    (no amulet)
Stlth  ++++......               v - ring of see invisible
                                B - ring of poison resistance

@: somewhat resistant to hostile enchantments, stealthy
A: fangs 3, regeneration 2, magic shield, antimagic bite, no device heal 3, rot
immunity
a: Burn Spellbooks, Berserk, Trog's Hand, Renounce Religion


You were on level 10 of the Dungeon.
You worshipped Trog.
Trog was most pleased with you.
You were not hungry.

You visited 2 branches of the dungeon, and saw 11 of its levels.

You collected 439 gold pieces.

Inventory:

Hand weapons
 m - a +0 blowgun
Missiles
 c - 36 poisoned needles
Armour
 a - a +1 robe (worn)
 w - a +0 cloak (worn)
Jewellery
 j - the cursed ring "Ivvuxye" {rElec EV-2}
   (You found it on level 6 of the Dungeon)

   [ring of evasion]

   It affects your evasion (-2).
   It insulates you from electricity.
   It has a curse placed upon it.
 l - an uncursed ring of protection from cold
 p - a +4 ring of evasion
 v - a ring of see invisible (right hand)
 B - a ring of poison resistance (left hand)
 H - a cursed ring of teleportation
Magical devices
 s - a wand of draining (8)
 x - a wand of fire (10)
 y - a wand of frost (29)
 I - a wand of random effects (23)
 J - a wand of paralysis (11)
Scrolls
 f - 5 scrolls of identify
 h - a scroll of recharging
 q - 3 scrolls of remove curse
 u - a scroll of enchant armour
 C - a scroll of fear
Potions
 d - a potion of heal wounds
 e - 2 potions of haste
 g - a potion of cure mutation {unknown}
 i - a potion of agility {unknown}
 k - a potion of might
 o - 4 potions of curing
 z - a potion of poison {unknown}
 E - a potion of flight {unknown}
Books
 r - a book of Alchemy

   Spells                             Type                      Level
   a - Sublimation of Blood           Necromancy                   2
   b - Ignite Poison                  Fire/Transmutation/Poison    3
   c - Alistair's Intoxication        Transmutation/Poison         4
   d - Condensation Shield            Ice                          4
   e - Petrify                        Transmutation/Earth          4
   f - Irradiate                      Conjuration/Transmutation    5
   Trog disapproves of the use of such an item.
 A - the Compendium of Ashen Changing
   (You found it on level 8 of the Dungeon)

   Spells                             Type                      Level
   a - Stoneskin                      Transmutation/Earth          2
   b - Ignite Poison                  Fire/Transmutation/Poison    3
   c - Spider Form                    Transmutation/Poison         3
   d - Petrify                        Transmutation/Earth          4
   e - Lee's Rapid Deconstruction     Earth                        5
   Trog disapproves of the use of such an item.
 D - a Necronomicon

   Spells                             Type                      Level
   a - Haunt                          Necromancy/Summoning         7
   b - Borgnjor's Revivification      Necromancy                   8
   c - Death's Door                   Charms/Necromancy            8
   d - Necromutation                  Transmutation/Necromancy     8
   Trog disapproves of the use of such an item.
 F - a book of Death

   Spells                             Type                      Level
   a - Corpse Rot                     Necromancy                   2
   b - Sublimation of Blood           Necromancy                   2
   c - Agony                          Necromancy                   5
   d - Dispel Undead                  Necromancy                   5
   e - Excruciating Wounds            Charms/Necromancy            5
   f - Bolt of Draining               Conjuration/Necromancy       5
   Trog disapproves of the use of such an item.
 G - a book of Changes

   Spells                             Type                      Level
   a - Beastly Appendage              Transmutation                1
   b - Sticks to Snakes               Transmutation                2
   c - Spider Form                    Transmutation/Poison         3
   d - Ice Form                       Ice/Transmutation            4
   e - Blade Hands                    Transmutation                5
   Trog disapproves of the use of such an item.
Comestibles
 b - 2 bread rations
 n - a beef jerky
 t - 3 fruits


   Skills:
 + Level 6.9 Fighting
 + Level 1.5 Throwing
 + Level 7.9 Dodging
 + Level 7.9 Stealth
 + Level 8.3 Unarmed Combat


You had 9 spell levels left.
You didn't know any spells.

Dungeon Overview and Level Annotations

Branches:
Dungeon (10/15)            Temple (1/1) D:4
   Lair: D:8-11         Orc: D:9-12

Altars:
Ashenzari
Cheibriados
Dithmenos
Elyvilon
Fedhas
Gozag
Kikubaaqudgha
Makhleb
Nemelex Xobeh
Okawaru
Qazlal
Ru
Sif Muna
Trog
Vehumet
Xom
Yredelemnul
Zin
The Shining One

Annotations:
D:4 Blork the orc
D:10 Erolcha


Innate Abilities, Weirdness & Mutations

You have razor-sharp teeth.
You heal very quickly.
When hurt, damage is shared between your health and your magic reserves.
Your bite disrupts and absorbs the magic of your enemies.
Potions and wands cannot restore your health.
You are immune to rotting.


Message History

The iguana is almost dead.
Erolcha drinks a potion.
Erolcha seems to speed up.
The iguana barely misses you.
You hit the iguana.
You kill the iguana!
Trog accepts your kill. Erolcha hits you with a giant club.
Erolcha hits you with a giant club!
You punch Erolcha!
Erolcha is severely wounded.
Erolcha hits you with a giant club!
* * * LOW HITPOINT WARNING * * *
You closely miss Erolcha. You bite Erolcha.
Erolcha's magic leaks into the air.
You drain her magic.
You feel invigorated.
Erolcha is severely wounded.
You hit Erolcha but do no damage. Your bite misses Erolcha.
Erolcha is severely wounded.
Erolcha gestures at you while chanting. The crystal spear hits you!
Ouch! That really hurt!
You die...

....≈....#############
.l.(≈≈≈.....(..$.....#
.....................#
...y........≈(≈≈.(...#
....≈≈$.....≈O≈......#
.....................####
..!.....................#
y..y.....######O####....#
..............@......#
#########......≈†....#####
#......≈≈.........
#.....≈≈....########
#...........# #...#
#...........# #.#.#
##########.## #.#.#
#.....#.# #.#.###
#.###.#.#####.....#


You could see Erolcha.

Vanquished Creatures
  Pikel (D:6)
  Eustachio (D:6)
  Menkaure (D:6)
  A hippogriff (D:7)
  A hungry ghost (D:7)
  A water moccasin (D:9)
  Duvessa (D:6)
  3 ice beasts
  2 sky beasts
  3 orc warriors
  A centaur (D:7)
  3 phantoms
  3 giant frogs
  A wyvern zombie (D:10)
  2 big kobolds (D:7)
  A water moccasin skeleton (D:5)
  Dowan (D:6)
  A gnoll sergeant (D:8)
  A scorpion (D:6)
  A killer bee (D:10)
  10 hounds
  2 jellies (D:9)
  3 giant frog skeletons
  2 orc priests (D:5)
  7 orc wizards
  2 centaur skeletons
  Natasha (twice) (D:2)
  4 iguanas
  5 worker ants
  2 killer bee zombies
  14 adders
  2 river rats (D:4)
  7 gnolls
  3 oozes
  3 adder skeletons
  3 worms
  2 giant geckos
  38 orcs
  6 ball pythons
  3 bats
  5 hobgoblins
  21 kobolds
  5 quokkas
  A ball python skeleton (D:4)
  12 giant cockroaches
  A giant gecko skeleton (D:6)
  5 giant newts
  16 goblins
  11 jackals
  A quokka skeleton (D:8)
  9 rats
237 creatures vanquished.

Notes
Turn   | Place    | Note
--------------------------------------------------------------
     0 | D:1      | shakdrar the Vine Stalker Monk began the quest for the Orb.
     0 | D:1      | Reached XP level 1. HP: 11/11 MP: 2/2
   155 | D:1      | Reached XP level 2. HP: 16/16 MP: 3/3
   624 | D:2      | Reached XP level 3. HP: 20/20 MP: 4/4
   649 | D:2      | Noticed Natasha
   701 | D:2      | Found an ancient bone altar of Kikubaaqudgha.
   789 | D:2      | Found a blossoming altar of Fedhas.
  1037 | D:2      | Found an opulent altar of Gozag.
  1098 | D:2      | Reached XP level 4. HP: 18/24 MP: 2/5
  1149 | D:2      | Killed Natasha
  1436 | D:2      | Noticed Natasha
  1445 | D:2      | Killed Natasha
  1562 | D:3      | Reached XP level 5. HP: 28/28 MP: 6/6
  1670 | D:3      | Found a sparkling altar of Nemelex Xobeh.
  2058 | D:3      | Reached skill level 5 in Stealth
  2058 | D:3      | Gained mutation: You heal very quickly. [Vine Stalker growth]
  2058 | D:3      | Reached XP level 6. HP: 32/32 MP: 5/7
  2078 | D:3      | Reached skill level 5 in Unarmed Combat
  2082 | D:3      | Found a sparkling altar of Nemelex Xobeh.
  2253 | D:4      | HP: 1/32 [something (3)]
  2373 | D:4      | Found a staircase to the Ecumenical Temple.
  2388 | Temple   | Entered the Ecumenical Temple
  2763 | D:4      | Noticed Blork the orc
  2824 | D:4      | Found a shattered altar of Ashenzari.
  3096 | D:4      | Reached XP level 7. HP: 21/37 MP: 4/8
  3406 | D:5      | Entered Level 5 of the Dungeon
  3915 | D:5      | Reached skill level 6 in Stealth
  4047 | D:5      | Gained mutation: You have razor-sharp teeth. [Vine Stalker growth]
  4047 | D:5      | Reached XP level 8. HP: 7/42 MP: 4/9
  4475 | D:6      | Reached skill level 5 in Fighting
  4562 | D:6      | Noticed Menkaure
  4566 | D:6      | Noticed Eustachio
  4580 | D:6      | Killed Menkaure
  4580 | D:6      | Reached skill level 5 in Dodging
  4671 | D:6      | Killed Eustachio
  4708 | D:6      | Noticed Duvessa
  4837 | D:7      | Reached XP level 9. HP: 39/48 MP: 8/10
  5194 | D:7      | Reached skill level 7 in Unarmed Combat
  5314 | D:7      | Found a bloodstained altar of Trog.
  5321 | D:7      | Became a worshipper of Trog the Wrathful
  5321 | D:7      | Acquired Trog's first power
  5321 | D:7      | Acquired Trog's second power
  5871 | D:8      | Found a shadowy altar of Dithmenos.
  5894 | D:8      | Found a glowing golden altar of the Shining One.
  5973 | D:8      | Identified the Compendium of Ashen Changing (You found it on level 8 of the Dungeon)
  6055 | D:8      | Found an iron altar of Okawaru.
  6063 | D:8      | Found a white marble altar of Elyvilon.
  6130 | D:8      | Found a sacrificial altar of Ru.
  6460 | D:9      | Found a radiant altar of Vehumet.
  7155 | D:8      | Reached XP level 10. HP: 53/53 MP: 11/11
  7369 | D:6      | Reached skill level 8 in Unarmed Combat
  7391 | D:6      | Reached skill level 1 in Throwing
  7455 | D:6      | Noticed Dowan
  7465 | D:6      | Killed Dowan
  7550 | D:6      | Noticed Pikel
  7665 | D:6      | Killed Pikel
  7708 | D:6      | Got a crude bone ring
  7782 | D:6      | Identified the cursed ring "Ivvuxye" {rElec EV-2} (You found it on level 6 of the Dungeon)
  7867 | D:6      | Found a burning altar of Makhleb.
  7867 | D:6      | Found a stormy altar of Qazlal.
  8090 | D:6      | Killed Duvessa
  8283 | D:10     | Entered Level 10 of the Dungeon
  8404 | D:10     | Noticed Erolcha
  8421 | D:10     | Killed from afar by Erolcha

Vault maps used:
D:1:      noname_arrival_rooms_in_the_neighbourhood
D:2:      kiku_gazebo_pond_becter, lemuel_coloured_pillars_altar, first_bread,
          grunt_gozag_breadcrumbs, uniq_natasha
D:3:      nemelex_xobeh_ov_fountains_minmay, hangedman_decor_peaks_small,
          kennysheep_flooded_box, kennysheep_generic_room_7
D:4:      nicolae_ashenzari_panopticon, minmay_temple_entry_hall,
          gup_sewer_entry_bowl, uniq_blork_the_orc
D:5:      kennysheep_boxes
D:6:      gammafunk_temple_overflow_wave, kennysheep_dice, uniq_pikel,
          uniq_eustachio, uniq_duvessa, uniq_menkaure
D:7:      bloody_trog
D:8:      kennysheep_mini, grunt_temple_overflow_open, grunt_dithmenos_smoke,
          nicolae_ru_awakened_eye
D:9:      lemuel_round_altar, hangedman_abyss_or_decor_slice
D:10:     grunt_pizzeria, uniq_erica, uniq_erolcha
Temple:   circular_temple_6

Action                   |  1- 3 |  4- 6 |  7- 9 | 10-12 || total
-------------------------+-------+-------+-------+-------++-------
Melee: Unarmed           |   121 |   262 |   459 |    62 ||   904
 Fire: Blowgun           |       |       |     9 |    27 ||    36
  Use: Scroll            |     5 |     2 |    10 |     3 ||    20
       Potion            |     2 |     1 |     1 |       ||     4
 Stab: Sleeping          |    10 |    16 |    15 |     4 ||    45
       Distracted        |       |     1 |     1 |     1 ||     3
  Eat: Meat ration       |       |     2 |     2 |       ||     4
       Bread ration      |       |       |     2 |     1 ||     3
       Royal jelly       |       |       |     1 |       ||     1
